[Event "Championnat d'Europe Rapide"]
[Date "2024.12.07"]
[White "Zilakauskis, Steponas"]
[Black "Pantsulaia, Levan"]
[WhiteElo "1941"]
[BlackElo "2522"]
[Round "1.34"]
[Result "0-1"]
[TimeControl "900+10"]

1. d4 c5 2. d5 g6 3. e4 Bg7 4. Nf3 d6 5. Nc3 Nf6 6. Bb5+ Bd7 7. a4 Bxb5 8. axb5 O-O 9. O-O Nbd7 10. h3 Ne8 11. Re1 Nc7 12. Bg5 Nb6 13. Qd3 Qd7 14. Nd2 Rfe8 15. Ra5 a6 16. bxa6 Rxa6 17. Rea1 f5 18. f3 fxe4 19.
fxe4 Rxa5 20. Rxa5 Ra8 21. Rxa8+ Nbxa8 22.
Nc4 Na6 23.
Nd1 N8c7 24.
c3 h6 25.
Bh4 b5 26.
Na5 c4 27.
Qf3 Nc5 28.
Nc6 g5 29.
Bf2 Nd3 30.
Bd4 e6 31.
Bxg7 Kxg7 32. Nd4 Qf7 33. Qxf7+ Kxf7 34. dxe6+ Kf6 35.
Kf1 h5 36.
g3 Nc5 37.
Nf2 N5xe6 38. Nxe6 Nxe6 39. Ke2 Ke5 40. Ke3 Nc5 41. Kf3 Nd3 42. Nxd3+ cxd3 43. Ke3 d2 44. Kxd2 Kxe4 45. Ke2 h4 46. gxh4 gxh4 47. b3 Kf4 48. Kf2 d5 49. b4 Ke4 50. Ke2 d4 51. cxd4 Kxd4 52. Kd2 Kc4 53. Kc2 Kxb4 54.
Kb2 Kc4 55. Kc2 Kd4 56. Kb3 Ke4 57. Kb4 Kf3 58. Kxb5 Kg3 0-1

[Site "Europe Echecs"]

[Event "Championnat d'Europe Rapide"]
[Date "2024.12.07"]
[White "Gavrilescu, David"]
[Black "Marques, Ricardo Taborda Trigo"]
[WhiteElo "2549"]
[BlackElo "2001"]
[Round "1.35"]
[Result "0-1"]
[TimeControl "900+10"]

1. e4 c6 2.
Nf3 d5 3.
Nc3 Bg4 4.
h3 Bxf3 5.
Qxf3 e6 6.
g3 g6 7. d4 Bg7 8. Be3 Nf6 9. e5 Nfd7 10. Ne2 c5 11. c3 Nc6 12. Bd2 Qb6 13. Qd3 O-O 14. Bg2 Qxb2 15. Rb1 Qxa2 16.
Rxb7 Nb6 17.
O-O Na5 18.
Rc7 Rfc8 19.
Rxc8+ Rxc8 20. Bg5 Nbc4 21. h4 h6 22. Bf6 Nd2 23. Nc1 c4 24. Qe2 Qc2 25. Rd1 Nab3 26. Nxb3 cxb3 27. Rxd2 Qxc3 28. h5 g5 29. Bf1 a5 30. Qa6 a4 31. Rd1 Qc6 32. Qa7 Ra8 33. Bb5 Rxa7 34. Bxc6 a3 35. Bb5 a2 0-1

[Site "Europe Echecs"]

[Event "Championnat d'Europe Rapide"]
[Date "2024.12.07"]
[White "Nicholas, Koichi B"]
[Black "Kadric, Denis"]
[WhiteElo "2069"]
[BlackElo "2544"]
[Round "1.36"]
[Result "0-1"]
[TimeControl "900+10"]

1. e4 d6 2.
d4 g6 3. Nc3 Bg7 4. Be3 a6 5. Qd2 b5 6. a3 Bb7 7. h4 Nf6 8. f3 h5 9. Nh3 Nbd7 10. Ng5 e6 11. O-O-O Qe7 12. Kb1 Rb8 13. Rg1 Nb6 14. Bd3 d5 15. e5 Nfd7 16. g4 Nc4 17. Bxc4 bxc4 18. Nh3 c5 19. Nf4 cxd4 20.
Bxd4 hxg4 21. h5 g5 22. Rxg4 Nxe5 23. Qe2 Nxg4 24. Bxg7 Rg8 25. fxg4 Rxg7 26. Qe5 Rd8 27. Qxg7 gxf4 28. h6 f6 29. Qg8+ Kd7 30. h7 Qf8 31. Qg6 Ke7 32. Rh1 Qh8 33. Na4 Rf8 34. Nc5 Bc8 35. g5 fxg5 36. Qxg5+ Kd6 37.
Na4 Bd7 38.
Nc3 f3 39.
Qg3+ Ke7 40.
Nd1 e5 41.
Qg5+ Kd6 42.
Rh6+ Be6 43.
Qg4 Rf6 44.
Rxf6 Qxf6 45. Qh5 Qh8 46. Nf2 e4 47. Qh2+ Kd7 48. Nd1 Bf5 49. Qd2 d4 50. Qa5 Bxh7 51. Qd5+ Ke7 52. Qb7+ Kf6 53. Qxa6+ Kg5 54. Qxc4 Bf5 55. Qf1 Qh2 56. Nf2 e3 57. Nd3 f2 0-1

[Site "Europe Echecs"]

[Event "Championnat d'Europe Rapide"]
[Date "2024.12.07"]
[White "Cvitan, Ognjen"]
[Black "George, Matthew P"]
[WhiteElo "2413"]
[BlackElo "1999"]
[Round "1.37"]
[Result "1-0"]
[TimeControl "900+10"]

1. d4 d5 2.
c4 e6 3. Nc3 c5 4. cxd5 cxd4 5. Qxd4 Nc6 6. Qd1 exd5 7. Qxd5 Qc7 8. Nf3 Nf6 9. Qd1 Bf5 10. e3 Bb4 11. Be2 Ne4 12. Qb3 Qa5 13. O-O O-O 14. Bd2 Nxd2 15.
Nxd2 Be6 16.
Bc4 Rfe8 17.
Rac1 Qh5 18.
Qd1 Qg6 19.
Bxe6 Rxe6 20. Nf3 Rd8 21. Qc2 Qh5 22. Ne4 Rg6 23. Ng3 Qg4 24. Rfd1 Re8 25. Qc4 Rc8 26. Ne5 Qxc4 27. Rxc4 Rd6 28. Rxd6 Bxd6 29. Nxc6 bxc6 30. Nf5 Bf8 31. Kf1 g6 32. Nd4 Bg7 33. Rxc6 Rb8 34. b3 a5 35. Ra6 f5 36. g3 Rc8 37. Rxa5 Rc1+ 38. Ke2 1-0

[Site "Europe Echecs"]

[Event "Championnat d'Europe Rapide"]
[Date "2024.12.07"]
[White "Grodotzki, Kenneth"]
[Black "Zajic, Milan"]
[WhiteElo "2002"]
[BlackElo "2392"]
[Round "1.38"]
[Result "1-0"]
[TimeControl "900+10"]

1. f4 Nf6 2.
Nf3 g6 3. g3 Bg7 4. Bg2 O-O 5. O-O d6 6. d3 e5 7. e4 exf4 8. gxf4 Bg4 9. c3 c5 10. Na3 Nc6 11. Qe1 d5 12. e5 Nh5 13. Qf2 d4 14. cxd4 cxd4 15. Bd2 f6 16. exf6 Bxf6 17. b4 a6 18. Rab1 Qd7 19. Nc4 Rae8 20. b5 axb5 21. Rxb5 Ne7 22. a4 Qc7 23. Nfe5 Bc8 24. Qxd4 Nc6 25. Qc5 Qg7 26. Bxc6 bxc6 27.
Qxc6 g5 28.
Qf3 Nxf4 29.
Bxf4 gxf4+ 30. Qg2 Re7 31. Rxf4 Bb7 32. Qxg7+ Rxg7+ 33. Kf1 Bg2+ 34. Ke2 Kh8 35. a5 Re7 36. Kd1 h5 37. Ng6+ Kg7 38. Nxf8 Bc6 39. Rb4 Bc3 40. Nd6 Bxb4 41. Nf5+ Kxf8 42. Nxe7+ Kxe7 43. Rxb4 1-0

[Site "Europe Echecs"]

[Event "Championnat d'Europe Rapide"]
[Date "2024.12.07"]
[White "Kozul, Zdenko"]
[Black "Stojkoski, Acko"]
[WhiteElo "2519"]
[BlackElo "2030"]
[Round "1.39"]
[Result "1-0"]
[TimeControl "900+10"]

1. d4 d5 2.
c4 c6 3. Nf3 Nf6 4. Nc3 e6 5. Bg5 Be7 6. e3 Nbd7 7. Qc2 O-O 8. Rd1 Re8 9. a3 Nf8 10. Bd3 a6 11. O-O b5 12. c5 a5 13. Ne5 Bb7 14. f4 g6 15. b4 axb4 16.
axb4 N6d7 17. Nf3 f5 18. Kh1 Bf6 19. Rg1 Qe7 20. g4 Kh8 21. Bh6 Bg7 22. Bxg7+ Qxg7 23. g5 Ra3 24. Qb2 Rea8 25. Ra1 Rxa1 26. Rxa1 Rxa1+ 27. Qxa1 Qe7 28. Qa7 Bc8 29. Qc7 e5 30. Nxe5 Qe8 31. Qxc6 h6 32. Nxb5 hxg5 33. Nd6 Qe7 34. Qxc8 Nxe5 35. fxe5 g4 36. Bxf5 gxf5 37. Qxf5 Nh7 38. Qc8+ Nf8 39. Qxg4 Qa7 40. Qh4+ Kg8 41. Qg5+ Kh8 42. Qf6+ Kg8 43. Nf5 Kh7 44. Qe7+ 1-0

[Site "Europe Echecs"]

[Event "Championnat d'Europe Rapide"]
[Date "2024.12.07"]
[White "Nahkur, Madis"]
[Black "Boyer, Mahel"]
[WhiteElo "2119"]
[BlackElo "2526"]
[Round "1.40"]
[Result "1/2-1/2"]
[TimeControl "900+10"]

1. e4 c5 2.
Nc3 e6 3. g3 d5 4. exd5 exd5 5. d4 cxd4 6. Qxd4 Be6 7. Bg2 Nc6 8. Qd1 Nf6 9. Nge2 d4 10. Bxc6+ bxc6 11.
Qxd4 Qa5 12.
Qa4 Qxa4 13.
Nxa4 Bb4+ 14. c3 Be7 15. Be3 Rd8 16. O-O Ng4 17. Nd4 Bd7 18. b4 h5 19. Rfe1 f6 20. Nc5 Bxc5 21. bxc5 Kf7 22. Bf4 Rde8 23. h4 Rhg8 24. Rxe8 Rxe8 25. Rb1 Kg6 26. Rb7 Re1+ 27. Kg2 Be6 28. Nxe6 Rxe6 29. Rxa7 Re2 30. Rc7 Rxf2+ 31. Kg1 Rxa2 32. Rxc6 Rc2 33. Rc8 Ne5 34. c6 Rxc3 35. c7 Rc2 36. Kf1 Kf7 37. Ke1 Rc4 38. Ke2 Ke6 39. Bxe5 fxe5 40.
Re8+ Kd7 41.
Rxe5 Rxc7 42. Rxh5 Ke6 43. Rb5 Rc3 44. Kf2 Kf6 45. Rd5 Ra3 46. Rb5 Rc3 47. Kg2 g6 48. Kh3 Rc4 49. Rg5 Rc1 50. Rg4 Rc5 51. Rf4+ Kg7 52. Rb4 Kf6 53. Kg4 Rc6 54. Kf4 Rc1 55. Rb6+ Kg7 56. Rb5 Kf6 57. Rb6+ Kg7 58. Re6 Kf7 59. Rb6 Kg7 60. Rb5 Kf6 61. Rb4 Ra1 62. Kg4 Ra3 63. Rf4+ Kg7 64. Rf3 Ra4+ 65. Rf4 Ra3 66. Rb4 Kf6 67. Rf4+ 1/2-1/2

[Site "Europe Echecs"]

[Event "Championnat d'Europe Rapide"]
[Date "2024.12.07"]
[White "Livaic, Leon"]
[Black "Afonso, Joao Pedro"]
[WhiteElo "2560"]
[BlackElo "2112"]
[Round "1.41"]
[Result "1-0"]
[TimeControl "900+10"]

1. d4 Nf6 2.
c4 b6 3. f3 Nc6 4. Nc3 Bb7 5. Nh3 e5 6. d5 Na5 7. e4 c6 8. d6 Ba6 9. f4 Nxc4 10. Qa4 Bb5 11. Qb3 Na5 12. Qd1 Bxf1 13. Rxf1 exf4 14. e5 Nd5 15. Nxd5 Qh4+ 16. g3 fxg3 17. Nc7+ Kd8 18. Bg5+ 1-0

[Site "Europe Echecs"]

[Event "Championnat d'Europe Rapide"]
[Date "2024.12.07"]
[White "Zhukovskyi, Oleksandr"]
[Black "Kazakouski, Valery"]
[WhiteElo "2199"]
[BlackElo "2567"]
[Round "1.42"]
[Result "0-1"]
[TimeControl "900+10"]

1. e4 c5 2. Nf3 a6 3. c4 Nc6 4. d4 cxd4 5. Nxd4 e5 6. Nf5 d6 7. Nc3 g6 8. Ne3 Bh6 9. Be2 Be6 10. O-O Nf6 11. Nc2 Bg7 12. b4 O-O 13. Ba3 Re8 14. Qd2 Nd4 15. Nxd4 exd4 16. Nd1 Nxe4 17. Qf4 d3 18. Bxd3 Bxa1 19. Qxe4 d5 20. Qf3 dxc4 21. Be4 Rb8 22. Ne3 Qf6 23. Bxb7 Qxf3 24. Bxf3 Bc3 25. Rb1 Bd4 26. Nd5 Bxd5 27. Bxd5 c3 28. Kf1 Bc5 29. Rb3 Rbd8 30. bxc5 Rxd5 31. g4 Rd3 32. Rb4 c2 0-1

[Site "Europe Echecs"]

[Event "Championnat d'Europe Rapide"]
[Date "2024.12.07"]
[White "Alonso Rosell, Alvar"]
[Black "Shapkaroski, Goce"]
[WhiteElo "2532"]
[BlackElo "2137"]
[Round "1.43"]
[Result "1-0"]
[TimeControl "900+10"]

1. Nf3 d5 2.
g3 e6 3. Bg2 Nf6 4. O-O Be7 5. c4 O-O 6. b3 c5 7. cxd5 Nxd5 8. Bb2 b6 9. d4 Bb7 10. Re1 cxd4 11. Nxd4 Nc6 12. Nd2 Nxd4 13.
Bxd4 Rc8 14.
Nc4 Bf6 15.
Bxf6 Qxf6 16. e4 Nb4 17. e5 Qe7 18. Bxb7 Qxb7 19. Nd6 Qe7 20. Nxc8 Rxc8 21. a3 Nd5 22. Qd2 h6 23. b4 b5 24. Rac1 Rb8 25. Qd4 Nb6 26. Red1 Nc4 27. Qd7 Rb7 28. Qc8+ Kh7 29. Rd8 Nxe5 30. Rh8+ Kg6 31. Qc2+ f5 32. Qe2 Nc4 33. h4 Rd7 34. Re1 e5 35. Qf3 a6 36. h5+ Kf6 37. g4 f4 38. Qe4 Kg5 39. Qf5+ Kh4 40. Kg2 Ne3+ 41. fxe3 Rd2+ 42. Kf3 Qb7+ 43. e4 Rd3+ 44. Ke2 Re3+ 45. Kd2 Qc7 46. Rxe3 fxe3+ 47. Kxe3 Qc3+ 48. Kf2 Qd2+ 49. Kg1 Kh3 50. Qf3+ Kh4 51. Qf2+ 1-0

[Site "Europe Echecs"]

[Event "Championnat d'Europe Rapide"]
[Date "2024.12.07"]
[White "Bogdanovic, Vesna"]
[Black "Guliyev, Namig"]
[WhiteElo "2008"]
[BlackElo "2484"]
[Round "1.44"]
[Result "0-1"]
[TimeControl "900+10"]

1. e4 c5 2.
Nc3 d6 3. g3 Nc6 4. Bg2 g6 5. f4 Bg7 6. Nf3 e6 7. d3 Nge7 8. O-O b6 9. Ne2 f5 10. c3 Qd7 11. Be3 O-O 12. Bf2 Ba6 13. Ng5 h6 14. Nh3 Kh7 15. Re1 Rae8 16. d4 fxe4 17.
Bxe4 e5 18.
d5 Nd8 19.
Kg2 Nf5 20.
Qc2 Bc8 21.
Nhg1 Nf7 22.
g4 Ne7 23.
h3 b5 24.
Rad1 Kg8 25.
Bg3 g5 26.
f5 c4 27.
Nf3 Bf6 28.
Rh1 Kg7 29.
Bf2 Rh8 30.
Ng3 Kf8 31.
Nh5 Ng8 32.
Be3 Qe7 33.
Qf2 a5 34.
a3 Bb7 35.
Bb6 Ra8 36.
Kg3 Qd7 37.
Be3 Bd8 38.
Bb6 Nf6 39.
Nxf6 Bxf6 40. Qd2 Ke7 41. Be3 Rag8 42. h4 gxh4+ 43. Nxh4 Ng5 44. Qg2 h5 45. Bxg5 Rxg5 46. Ng6+ Ke8 47. Rh4 Rxg6 48. fxg6 Bxh4+ 49. Kxh4 hxg4+ 50. Kg3 Rh3+ 51. Kf2 Bc8 52. Rh1 Qa7+ 53. Ke2 Qe3+ 54. Kd1 g3 55. Rxh3 Bg4+ 56. Kc2 Bxh3 57. Qxh3 Qxe4+ 58. Kc1 Qxg6 0-1

[Site "Europe Echecs"]

[Event "Championnat d'Europe Rapide"]
[Date "2024.12.07"]
[White "Stojanovski, Dejan"]
[Black "Sramek, Ondrej"]
[WhiteElo "2407"]
[BlackElo "1924"]
[Round "1.45"]
[Result "1-0"]
[TimeControl "900+10"]

1. e4 e5 2.
Nf3 Nc6 3. Bb5 a6 4. Bxc6 dxc6 5. Nc3 f6 6. d4 exd4 7. Nxd4 c5 8. Nde2 Qxd1+ 9. Nxd1 Bd6 10. Bf4 Ne7 11. Ne3 Ng6 12. Bxd6 cxd6 13. O-O-O O-O 14. Rxd6 Re8 15. Nc3 b5 16. Rhd1 Bb7 17. f3 Ne5 18. b3 c4 19. Rb6 Re7 20. b4 Kf8 21. a3 Rc7 22. Rbd6 Bc6 23. Rd8+ Kf7 24. Rxa8 Bxa8 25. Rd6 Bb7 26. f4 Ng6 27. Ned5 Bxd5 28. Nxd5 Ra7 29. Rc6 Ke8 30. Kd2 Kd7 31. Rb6 Nh4 32. Ne3 Kc7 33. Re6 Kd7 34. f5 a5 35. Rb6 axb4 36. axb4 Ke8 37. Rxb5 Re7 38. Nxc4 Nxg2 39. Rb8+ Kd7 40. Rb7+ 1-0

[Site "Europe Echecs"]

[Event "Championnat d'Europe Rapide"]
[Date "2024.12.07"]
[White "Zubic, Aleksandar"]
[Black "Baidetskyi, Valentin"]
[WhiteElo "2008"]
[BlackElo "2519"]
[Round "1.46"]
[Result "0-1"]
[TimeControl "900+10"]

1. e4 e5 2.
Nf3 Nc6 3. Bb5 a6 4. Ba4 Nge7 5. O-O Ng6 6. d4 b5 7. Bb3 exd4 8. Nxd4 Nxd4 9. Qxd4 Bb7 10. c4 Qf6 11. Qxf6 gxf6 12. Nc3 c6 13. Be3 Ne5 14. c5 Nd3 15. Bd4 Be7 16. Rad1 Nxc5 17. e5 Nxb3 18. axb3 c5 19. Be3 fxe5 20. Nd5 Bxd5 21.
Rxd5 d6 22.
f4 f6 23. b4 cxb4 24. Ra1 Kd7 25. Bd2 Ke6 26. Rd3 d5 27. f5+ Kxf5 28.
Rxd5 Rhd8 29. Rxd8 Rxd8 30. Be3 Rd3 31. Kf2 Ke4 32. Bh6 Bc5+ 33. Ke2 Be3 34. Bxe3 Rxe3+ 35. Kd2 Rd3+ 36. Kc2 b3+ 37. Kc1 Ke3 0-1

[Site "Europe Echecs"]

[Event "Championnat d'Europe Rapide"]
[Date "2024.12.07"]
[White "Dragnev, Valentin"]
[Black "Markovski, Velo"]
[WhiteElo "2563"]
[BlackElo "1945"]
[Round "1.47"]
[Result "1-0"]
[TimeControl "900+10"]

1. e4 e6 2.
d4 d5 3. Nd2 c5 4. Ngf3 cxd4 5. exd5 exd5 6. Nxd4 Nf6 7. Bb5+ Bd7 8. Bxd7+ Qxd7 9. O-O Be7 10. Re1 O-O 11. N2f3 Nc6 12. Nxc6 bxc6 13. Ne5 Qc7 14. Bg5 Bb4 15. Bxf6 gxf6 16. Qg4+ Kh8 17. Nxf7+ Rxf7 18.
Qxb4 c5 19.
Qd2 Qd6 20.
Re2 Rg8 21.
Rae1 d4 22.
g3 Qd5 23.
b3 Qf5 24.
Qd3 Qh3 25.
Qc4 Rc7 26.
Re8 Qg4 1-0

[Site "Europe Echecs"]

[Event "Championnat d'Europe Rapide"]
[Date "2024.12.07"]
[White "Stamenkovic, Lazar"]
[Black "Beerdsen, Thomas"]
[WhiteElo "1978"]
[BlackElo "2502"]
[Round "1.48"]
[Result "0-1"]
[TimeControl "900+10"]

1. e4 e5 2.
Nf3 Nc6 3.
Bc4 Nf6 4.
Nc3 Nxe4 5.
Nxe4 d5 6.
Bxd5 Qxd5 7.
Nc3 Qd8 8.
h3 Bc5 9. d3 O-O 10. O-O f5 11. Be3 Bd6 12. Nb5 Qe8 13. Nxd6 cxd6 14. Ne1 f4 15. Bc1 Qg6 16. Kh1 Rf5 17. c3 Rh5 18. Kh2 Be6 19. d4 Rf8 20. d5 Bg4 21. Qc2 Bf5 22. Qb3 Ne7 23. Rg1 Be4 24. c4 Nf5 25. g4 fxg3+ 26. fxg3 Rxh3+ 0-1

[Site "Europe Echecs"]

[Event "Championnat d'Europe Rapide"]
[Date "2024.12.07"]
[White "Janik, Igor"]
[Black "Masha, Rexhep"]
[WhiteElo "2515"]
[BlackElo "1909"]
[Round "1.49"]
[Result "1-0"]
[TimeControl "900+10"]

1. e4 d5 2. exd5 Qxd5 3. Nf3 Qa5 4. Bc4 c6 5. Qe2 Nf6 6. Ne5 e6 7. O-O Bd6 8. d4 O-O 9. Nc3 Nbd7 10. f4 Qc7 11. Bd2 a6 12. Rae1 b5 13. Bd3 c5 14. Be3 Bb7 15. Qf2 cxd4 16. Bxd4 Bc5 17. Nxd7 Nxd7 18. Ne4 Bxd4 19. Qxd4 Rad8 20. Qe3 Qb6 21. Qxb6 Nxb6 22. Nc5 Rb8 23. f5 exf5 24. Rxf5 Bc8 25. Rf4 Nd5 26. Rd4 Nf6 27. Rd6 a5 28. h3 h6 29. Re5 Ne8 30. Rc6 Nf6 31. Na6 Bxa6 32.
Rxa6 b4 33. Raxa5 Rb7 34. Reb5 Re7 35. Rxb4 Re1+ 36. Kf2 Rfe8 37. Rab5 g6 38. Rb8 Nd5 39. Rxe8+ Rxe8 40. Rd4 Re5 41. a4 f5 42. Bc4 1-0

[Site "Europe Echecs"]

[Event "Championnat d'Europe Rapide"]
[Date "2024.12.07"]
[White "Marzakov, Mihail"]
[Black "Subelj, Jan"]
[WhiteElo "1997"]
[BlackElo "2526"]
[Round "1.50"]
[Result "0-1"]
[TimeControl "900+10"]

1. d4 Nf6 2.
c4 e6 3. Nc3 Bb4 4. e3 O-O 5. Nge2 Re8 6. a3 Bf8 7. e4 d6 8. f3 c5 9. Be3 Nc6 10. Qd2 d5 11. dxc5 Ne5 12. Nf4 dxc4 13. Qxd8 Rxd8 14. Rd1 Rxd1+ 15. Kxd1 Bd7 16. Kc2 Rc8 17. Bd4 Nc6 18. Be3 Na5 19. e5 Nd5 20. Nfxd5 exd5 21. Nxd5 Bxc5 22. Be2 Be6 23. Bxc5 Rxc5 24. Nc3 Rxe5 25. Rd1 Kf8 26. Kd2 Ke7 27. f4 Rc5 28. Ke3 a6 29. g4 g6 30. Bf3 f5 31. g5 Kf7 32. h4 Rc7 33. Ne2 Nb3 34. Nd4 Nxd4 35. Kxd4 Ke7 36. h5 gxh5 37. Bxh5 c3 38. bxc3 Rc4+ 39. Ke3 Rxc3+ 40.
Rd3 Rc1 41.
Bf3 Bc4 42.
Rd4 Rc3+ 43.
Kf2 b5 44.
Bd5 Rxa3 45.
Bxc4 Ra4 46.
Rd5 Rxc4 47. Rxf5 b4 48. Ra5 b3 49. Rxa6 Rxf4+ 50. Ke3 Rb4 51. Ra1 Ke6 52. Kd3 Kf5 53. Kc3 Rb7 54. Rb1 Kxg5 55. Rxb3 Rxb3+ 0-1

[Site "Europe Echecs"]

[Event "Championnat d'Europe Rapide"]
[Date "2024.12.07"]
[White "Muradli, Mahammad"]
[Black "Sumskis, Rimvydas"]
[WhiteElo "2588"]
[BlackElo "1979"]
[Round "1.51"]
[Result "1-0"]
[TimeControl "900+10"]

1. c4 e5 2.
d3 Nf6 3.
Nf3 Nc6 4.
a3 g6 5. b4 d6 6. Bb2 Bg7 7. g3 Bg4 8. Bg2 O-O 9. O-O Qc8 10. Re1 Re8 11. Nbd2 h6 12. Rc1 Rb8 13. c5 Qd7 14. cxd6 cxd6 15. Nc4 Bxf3 16.
Bxf3 d5 17.
Ne3 a6 18.
Qb3 Rbd8 19.
Rc5 e4 20.
Bxf6 Bxf6 21. Rxd5 exf3 22. Rxd7 Rxd7 23. exf3 Red8 24. Ng4 Bg7 25. f4 Rxd3 26. Re8+ Rxe8 27. Qxd3 h5 28. Ne3 Nd4 29. Kg2 1-0

[Site "Europe Echecs"]

[Event "Championnat d'Europe Rapide"]
[Date "2024.12.07"]
[White "Hlebec, Darko"]
[Black "Larkin, Vladyslav"]
[WhiteElo "1917"]
[BlackElo "2449"]
[Round "1.52"]
[Result "0-1"]
[TimeControl "900+10"]

1. d4 d6 2. Nf3 Bg4 3. e3 c6 4. Be2 Nd7 5. h3 Bh5 6. b3 Ngf6 7. Bb2 e6 8. c4 d5 9. Nbd2 Bd6 10. Ne5 Bxe2 11. Qxe2 Bb4 12. O-O a5 13. Nxd7 Qxd7 14. Nf3 O-O 15. Ne5 Qe7 16. c5 a4 17. a3 Ba5 18. b4 Bc7 19. Nf3 Nd7 20. Qd2 f6 21. Rfe1 f5 22. Rab1 Nf6 23. Qd3 Ne4 24. Nd2 Qh4 25. Rf1 Rf6 26. f4 g5 27. Nf3 Qg3 28. Nxg5 Nxg5 29. fxg5 Rg6 30. Qe2 Qh2+ 31. Kf2 Bg3+ 32. Kf3 Bh4 33. Qd3 Rxg5 34. Rg1 Qg3+ 35. Ke2 Qf2+ [Site "Europe Echecs"]

[Event "Championnat d'Europe Rapide"]
[Date "2024.12.07"]
[White "Peyrer, Konstantin"]
[Black "Dilji, Emell"]
[WhiteElo "2440"]
[BlackElo "1830"]
[Round "1.53"]
[Result "1-0"]
[TimeControl "900+10"]

1. e4 e5 2.
Nf3 Nc6 3. Bb5 Nge7 4. Nc3 g6 5. d4 exd4 6. Nd5 Bg7 7. Bg5 f6 8. Nxf6+ Bxf6 9. Bxf6 O-O 10. Bc4+ d5 11. Bxd5+ Rf7 12. Ng5 Qd6 13. Bxf7+ Kf8 14. Qf3 1-0

[Site "Europe Echecs"]

[Event "Championnat d'Europe Rapide"]
[Date "2024.12.07"]
[White "Pavleski, Nikola"]
[Black "Paichadze, Luka"]
[WhiteElo "1955"]
[BlackElo "2532"]
[Round "1.54"]
[Result "0-1"]
[TimeControl "900+10"]

1. e4 c6 2.
d4 d5 3. e5 Bf5 4. h4 h5 5. c4 e6 6. Nc3 dxc4 7. Bxc4 Nd7 8. Nge2 Nb6 9. Bb3 Be7 10. Ng3 Bg6 11. Nge4 Nd5 12. Nxd5 cxd5 13. Ng5 Nh6 14. Ba4+ Kf8 15. O-O Nf5 16. g3 Rc8 17. Be3 Nxe3 18.
Nxe6+ fxe6 19. fxe3+ Kg8 20. Qe2 Kh7 21. Rac1 Rf8 22. Bc2 Rxf1+ 23. Kxf1 Rxc2 24. Rxc2 Bxc2 25. Qxc2+ g6 26. Kg2 Qd7 27. b3 Bf8 28. Qe2 Bh6 29. Kf3 a6 30. Kg2 Qf7 31. Qd3 Qe8 32. Qc3 Qc6 33. Qd2 Qc7 34. Kf2 Qf7+ 35. Kg2 Qf5 36.
Qc3 Qe4+ 37. Kf2 Qf5+ 38. Kg2 Qf7 39. Qd2 g5 40. hxg5 Bxg5 41. Qc2+ Kh6 42. Qe2 Qg6 43. Kf2 Qf5+ 44. Kg2 Qe4+ 45. Kf2 Qh1 46. Qd3 Qh2+ 47. Kf3 Qh3 48. Kf2 Qh2+ 49. Kf3 Qxa2 50. Qc3 Qb1 51. Kf2 Qe4 52. Qd2 Bxe3+ 53. Qxe3+ Qxe3+ 54. Kxe3 a5 55. Kd3 Kg5 0-1

[Site "Europe Echecs"]

[Event "Championnat d'Europe Rapide"]
[Date "2024.12.07"]
[White "Domalchuk-Jonasson, Aleksandr"]
[Black "Fedoseev, Vladimir"]
[WhiteElo "2377"]
[BlackElo "2709"]
[Round "2.1"]
[Result "1/2-1/2"]
[TimeControl "900+10"]

1. d4 Nf6 2.
c4 e6 3. Nf3 Bb4+ 4. Nbd2 O-O 5. g3 b6 6. Bg2 Bb7 7. O-O Be7 8. Re1 d5 9. cxd5 Nxd5 10. a3 Nd7 11. Nc4 c5 12. e4 N5f6 13. e5 Nd5 14. dxc5 Nxc5 15. b4 Ba6 16. Nb2 Nd7 17. Qa4 Bb7 18. Qb3 a5 19. Bd2 Ra7 20. Nc4 Qa8 21. Rac1 axb4 22.
axb4 Nxb4 23. Bxb4 Bxb4 24. Qxb4 Bxf3 25. Nxb6 Qb8 26. Bxf3 Qxb6 27. Qxb6 Nxb6 28. Bg2 g5 29. Re4 h6 30. h4 Ra5 31. hxg5 hxg5 32. Rce1 Kh8 33. Rg4 Rg8 34.
Rd4 Rc5 35.
Bf1 Kg7 36. Kg2 Nd5 37. Rc4 Rxc4 38. Bxc4 Ne7 39. f4 Rc8 40. Bd3 Rc3 41. Be4 Ng6 42. Rf1 Re3 43. Bb1 Ne7 44. Kf2 Rb3 45. Be4 Ng6 46. Kg2 Re3 47. Bb1 gxf4 48. gxf4 Nh4+ 49.
Kf2 Rf3+ 50.
Ke2 Rh3 51.
Be4 Kh6 52.
Rg1 Rh2+ 53.
Ke3 Rh3+ 54.
Ke2 Ng6 55.
Bxg6 fxg6 56. Kf2 Rh5 57. Kf3 g5 58. fxg5+ Rxg5 59. Rh1+ Kg6 60. Ke4 1/2-1/2

[Site "Europe Echecs"]

[Event "Championnat d'Europe Rapide"]
[Date "2024.12.07"]
[White "Navara, David"]
[Black "Trushko, Andrii"]
[WhiteElo "2665"]
[BlackElo "2143"]
[Round "2.2"]
[Result "1-0"]
[TimeControl "900+10"]

1. d4 Nf6 2.
c4 e6 3. Nc3 d5 4. cxd5 exd5 5. Bg5 Be7 6. e3 c6 7. Bd3 Nbd7 8. Nf3 h6 9. Bh4 Ne4 10. Bxe7 Qxe7 11. Qc2 Nxc3 12. bxc3 O-O 13. O-O c5 14. a4 b6 15. a5 c4 16. Bh7+ Kh8 17. axb6 Nf6 18. Rxa7 Rxa7 19. bxa7 Qxa7 20. Bf5 Bxf5 21. Qxf5 Qa3 22. g4 Qxc3 23. h4 Qd3 24. Qxd3 cxd3 25. Ne5 Kg8 26. f3 Rc8 27. Nxd3 Rc3 28. Rd1 Ra3 29. Kf2 Ra2+ 30. Kg3 g5 31. Ne5 Re2 32. Ra1 Rxe3 33. Kf2 Rb3 34. Ra8+ Kg7 35. Ra7 Ne8 36.
Rxf7+ Kg8 37. hxg5 hxg5 38. Rf5 Nc7 39. Rxg5+ Kf8 40. Ng6+ Kf7 41. Nf4 Rb2+ 42. Kg3 Rd2 43. Rf5+ Kg7 44. Re5 Kf7 45. g5 Rxd4 46. g6+ Kg8 47. Re7 Rc4 48. Kg4 Kf8 49. Rxc7 1-0

[Site "Europe Echecs"]

[Event "Championnat d'Europe Rapide"]
[Date "2024.12.07"]
[White "Manea, Alexandru"]
[Black "Santos Latasa, Jaime"]
[WhiteElo "2272"]
[BlackElo "2628"]
[Round "2.3"]
[Result "0-1"]
[TimeControl "900+10"]

1. e4 c5 2.
Nf3 e6 3. d4 cxd4 4. Nxd4 Nc6 5. Nc3 Qc7 6. Qd3 Nf6 7. Ndb5 Qb8 8. Qg3 d6 9. Be3 a6 10. Nd4 Bd7 11. O-O-O h5 12. f3 h4 13. Qf2 Ne5 14. h3 b5 15. f4 b4 16. fxe5 bxc3 17. bxc3 dxe5 18. Nb3 Ba3+ 19. Kb1 a5 20. Bd3 a4 21. Bg5 Be7 22. Rhe1 axb3 23. cxb3 Qa7 24. Qxa7 Rxa7 25. Be3 Ra8 26. a4 Bc6 27. Bf2 Rh6 28. Rd2 Nh5 29. Bb5 Bxb5 30. axb5 Rg6 31. Be3 Rg3 32. b4 Rb8 33. b6 Rxe3 34. Rxe3 Bg5 35. Red3 Bxd2 36. Rxd2 Rxb6 37. Kc2 Ng3 38. Kb3 Nxe4 39.
Re2 Nc5+ 40.
Kc4 Nd7 41.
b5 Rd6 42.
Kb4 Rd1 43.
Rc2 Ke7 44.
c4 Kd6 0-1

[Site "Europe Echecs"]

[Event "Championnat d'Europe Rapide"]
[Date "2024.12.07"]
[White "Sarana, Alexey"]
[Black "Denk, Adolf"]
[WhiteElo "2674"]
[BlackElo "2113"]
[Round "2.4"]
[Result "1-0"]
[TimeControl "900+10"]

1. d4 Nf6 2.
c4 e6 3. Nc3 d5 4. Bg5 Be7 5. e3 c6 6. Nf3 dxc4 7. Bxc4 b5 8. Bd3 a6 9. O-O Qb6 10. Rc1 Nbd7 11. Ne4 c5 12. dxc5 Nxc5 13.
Nxc5 Bxc5 14. Ne5 Bb7 15. Bxf6 gxf6 16. Bxb5+ 1-0

[Site "Europe Echecs"]

[Event "Championnat d'Europe Rapide"]
[Date "2024.12.07"]
[White "Zawadzka, Jolanta"]
[Black "Van Foreest, Jorden"]
[WhiteElo "2331"]
[BlackElo "2677"]
[Round "2.5"]
[Result "0-1"]
[TimeControl "900+10"]

1. e4 c6 2.
d4 d5 3. Nd2 dxe4 4. Nxe4 Nf6 5. Nxf6+ exf6 6. c3 Bd6 7. Bd3 O-O 8. Ne2 Re8 9. O-O Nd7 10. Bf4 Nf8 11. Bxd6 Qxd6 12. Qd2 Ng6 13. Rae1 Be6 14. Bb1 Rad8 15. b3 c5 16. Rd1 Bg4 17. f3 Be6 18. Rfe1 b5 19. Kh1 Qc7 20. Qc2 Rd5 21. Ng3 cxd4 22.
cxd4 Qb6 23.
Qf2 Red8 24.
Ne2 b4 25.
Rc1 R5d6 26.
Red1 Ne7 27.
Qh4 h6 28.
Qe4 g6 29.
Qe3 Kg7 30.
h3 Nc6 31.
f4 Nxd4 32.
Nxd4 Rxd4 33. Rxd4 Rxd4 34. Qg3 Qd6 35. Rf1 Bd5 36. Qf2 Bb7 37. f5 Rd2 0-1

[Site "Europe Echecs"]

[Event "Championnat d'Europe Rapide"]
[Date "2024.12.07"]
[White "Deac, Bogdan-Daniel"]
[Black "Maltsevskaya, Aleksandra"]
[WhiteElo "2696"]
[BlackElo "2368"]
[Round "2.6"]
[Result "1-0"]
[TimeControl "900+10"]

1. Nf3 Nf6 2. c4 e6 3.
g3 b6 4. Bg2 Bb7 5. b3 Be7 6. Bb2 O-O 7. O-O c5 8. e3 d5 9. Nc3 dxc4 10.
bxc4 Nc6 11.
Qe2 Qd7 12.
Rfd1 Rfd8 13. d3 h6 14. Rab1 Rac8 15. Ba1 Qc7 16. Ne1 Na5 17. Nb5 Qb8 18. f4 Bxg2 19. Qxg2 Rd7 20. Nf3 Ng4 21. Qe2 Bf6 22. Bc3 Bxc3 23. Nxc3 Nc6 24. Ne4 f5 25. Nxc5 Re7 26. h3 Nf6 27. d4 Na5 28. Ne5 Qc7 29. Ncd3 Ne4 30. Qe1 Qb7 31. c5 Qd5 32. Nb4 Qd8 33. c6 Rec7 34. Rdc1 Qd6 35. Rc2 b5 36. Na6 Rxc6 37. Nxc6 Rxc6 38. Rxc6 Nxc6 39. Nb4 Nxb4 40. Qxb4 Qc6 41. Qxb5 Qc2 42. Qb2 Qd3 43. Qb3 Nc3 44. Qxe6+ Kh7 45. Rf1 Ne2+ 46. Kg2 Nxg3 47. Rf2 Ne2 48. Kh2 Nc3 49. Rg2 1-0

[Site "Europe Echecs"]